 Dungeon Crawl Stone Soup version 0.28-a0-1395-g4f6bc678fa (webtiles) character file.

Game seed: 7190744673155761477

4190 Destapler the Covered (level 10, 0/72 (73) HPs)
             Began as a Demonspawn Artificer on Jan 4, 2022.
             Was a High Priest of Okawaru.
             Slain by a two-headed ogre (10 damage)
             ... in the Arena.
             The game lasted 00:27:47 (9466 turns).

Destapler the Covered (Demonspawn Artificer)        Turns: 9466, Time: 00:27:49

HP:   0/72 (73)     AC: 18    Str: 18    XL:     10   Next: 8%
MP:   6/13          EV: 18    Int: 12    God:    Okawaru [*****.]
Gold: 458           SH: 14    Dex: 16    Spells: 9/9 levels left

rFire   . . .      SeeInvis +   b - +6 mace "War Huw" {elec, Str+3}
rCold   . . .      Faith    +   j - +0 tower shield
rNeg    . . .      Spirit   .   I - +4 ring mail
rPois   .          Reflect  .   s - +0 helmet
rElec   .          Harm     .   h - +0 cloak
rCorr   +          Rampage  .   m - +2 pair of gloves
Will    .....      Clarity  +   (no boots)
Stlth   ++........              y - amulet of faith
HPRegen 0.22/turn               C - +4 ring of evasion
MPRegen 0.13/turn               H - ring of resist corrosion

@: agile, lightly drained, duelling
A: icy blue scales 1, powered by pain 3, weakness stinger 1, talons 1, see
invisible, clarity, MP-powered wands
a: Renounce Religion, Heroism, Finesse, Duel


You were in the Arena.
You worshipped Okawaru.
Okawaru was extremely pleased with you.
You visited 1 branch of the dungeon, and saw 8 of its levels.

You collected 458 gold pieces.

Inventory:

Hand Weapons
 a - the +5 hand crossbow "Tuesik" {penet, rN++ Will+ Dex+3}
   (You acquired it on level 3 of the Dungeon)

   Any ammunition fired by it passes through the targets it hits, potentially
   hitting all targets in its path until it reaches maximum range.
   Dex:       It affects your dexterity (+3).
   rN:        It greatly protects you from negative energy.
   Will:      It increases your willpower.
 b - the +6 mace "War Huw" (weapon) {elec, Str+3}
   (You found it on level 3 of the Dungeon)

   It occasionally discharges a powerful burst of electricity upon striking a
   foe.
   Str:       It affects your strength (+3).
 f - a +0 club
 n - a +2 flail of protection
 r - the +3 trident of the Distant Future {speed, rElec}
   (You found it on level 7 of the Dungeon)

   Attacks with this weapon are significantly faster.
   rElec:     It insulates you from electricity.
Missiles
 o - 2 curare-tipped darts
 p - 14 boomerangs (quivered)
 u - 70 bolts
 x - 62 poisoned darts
 K - a throwing net
Armour
 h - a +0 cloak (worn)
 j - a +0 tower shield (worn)
 l - an orb of wrath
 m - a +2 pair of gloves (worn)
 s - a +0 helmet (worn)
 I - a +4 ring mail (worn)
Jewellery
 y - an amulet of faith (around neck)
 C - a +4 ring of evasion (left hand)
 H - a ring of resist corrosion (right hand)
Wands
 c - a wand of polymorph (1)
Scrolls
 e - a scroll of fear {unknown}
 i - a scroll of magic mapping {unknown}
 t - a scroll of amnesia {unknown}
 v - 2 scrolls of teleportation
 A - a scroll of enchant armour {unknown}
 D - a scroll of silence {unknown}
 F - a scroll of immolation {unknown}
 J - a scroll of identify
Potions
 d - 2 potions of degeneration {unknown}
 g - 2 potions of magic
 k - 2 potions of flight {unknown}
 q - 3 potions of mutation
 w - 2 potions of attraction {unknown}
 z - a potion of might {unknown}
 B - a potion of heal wounds
 E - a potion of resistance {unknown}
 G - a potion of lignification {unknown}
 L - a potion of curing


   Skills:
 + Level 4.5 Fighting
 - Level 6.0 Maces & Flails
 + Level 3.4 Crossbows
 - Level 6.0 Armour
 + Level 4.2 Dodging
 - Level 3.0 Stealth
 - Level 6.0 Shields
 + Level 5.1 Invocations
 - Level 3.0 Evocations


You had 9 spell levels left.
You didn't know any spells.
Your spell library contained the following spells:

 Spells                   Type           Power      Damage    Failure   Level
 Freeze                   Ice            0%         1d3       100%        1
 Magic Dart               Conj           0%         1d3       100%        1
 Sandblast                Erth           0%         2d4       100%        1
 Corpse Rot               Necr/Air       0%         N/A       100%        2
 Passwall                 Tmut/Erth      0%         N/A       100%        2
 Searing Ray              Conj           0%         2d4       100%        2
 Frozen Ramparts          Ice            0%         1d2       100%        3
 Portal Projectile        Hex/Tloc       0%         N/A       100%        3
 Stone Arrow              Conj/Erth      0%         3d7       100%        3
 Dispel Undead            Necr           0%         3d6       100%        4
 Fulminant Prism          Conj/Hex       0%         3d6       100%        4
 Hailstorm                Conj/Ice       0%         3d3       100%        4
 Leda's Liquefaction      Hex/Erth       0%         N/A       100%        4
 Blade Hands              Tmut           0%         N/A       100%        5
 Excruciating Wounds      Necr           0%         N/A       100%        5
 Fireball                 Conj/Fire      0%         3d3       100%        5
 Starburst                Conj/Fire      0%         6d3       100%        6
 Orb of Destruction       Conj           0%         N/A       100%        7
 Ignition                 Fire           0%         3d3       100%        8
 Call Canine Familiar     Summ           Unusable   N/A       N/A         3
 Summon Guardian Golem    Hex/Summ       Unusable   N/A       N/A         3
 Death Channel            Necr           Unusable   N/A       N/A         6
 Spellforged Servitor     Conj/Summ      Unusable   N/A       N/A         7

Dungeon Overview and Level Annotations

Branches:
Dungeon (8/15)             Temple (0/1) D:4
   Lair: D:8-11

Altars:
Nemelex Xobeh
Okawaru
Sif Muna
Uskayaw
Vehumet
Xom
The Shining One

Portals:
Abyss: D:4

Annotations:
D:4 2 transporters, Lekart's ghost, amateur DrCK
D:8 exclusion: statue


Innate Abilities, Weirdness & Mutations

You are partially covered in icy blue scales. (AC +2)
You are powered by pain.
You have a small tail.
You have sharp toenails.
You have supernaturally acute eyesight. (SInv)
You possess an exceptional clarity of mind.
You expend magic power (3 MP) to strengthen your wands.


Message History

You feel agile all of a sudden. You block the two-headed ogre's attack.
You block the wight's attack. The wight hits you with a +5 flail!
* * * LOW HITPOINT WARNING * * *
You block the wight's attack.
The wight hits you from afar with a +3 spear.
* * * LOW HITPOINT WARNING * * *
You feel drained.
* * * LOW HITPOINT WARNING * * *
Okay, then.
Aiming: Duel (58% risk of failure)
Press: ? - help, Dir - move target, f - wight
Aim: a wight, wielding a +0 halberd and wearing a +0 robe The wight is not worthy to be dueled!
Aiming: Duel (58% risk of failure)
Press: ? - help, Dir - move target, f/p - wight
Aim: a wight, wielding a +0 halberd and wearing a +0 robe The wight is not worthy to be dueled!
Aiming: Duel (58% risk of failure)
Press: ? - help, Dir - move target, f - two-headed ogre, p - wight
Aim: a two-headed ogre, wielding a +0 giant club and a +0 giant spiked club (heavily wounded)
You enter into single combat with the two-headed ogre!
The world spins around you as you enter the gateway.
You enter Okawaru's Arena!
The spectator shouts! x10
The two-headed ogre misses you.
The two-headed ogre hits you with a +0 giant spiked club.
* * * LOW HITPOINT WARNING * * *
Found a gate leading back out of this place.
There is an empty arch of ancient stone, spattered with blood here.
Press: ? - help, v - describe, . - travel
Here: a spectator (fire blocked by a translucent unnaturally hard rock wall)
The floor.
You barely miss the two-headed ogre.
The spectator shouts!
You claw the two-headed ogre.
The two-headed ogre is heavily wounded.
The two-headed ogre hits you with a +0 giant club!
You die...
Okawaru crowns the two-headed ogre victorious!

#########
##..▓∩▓..##
##.p▓▓▓▓▓p.##
##.p▓▓...▓▓p.##
#.p▓▓.....▓▓p.#
#.▓▓...@...▓▓.#
#▓▓....O....▓▓#
#▓.....∩.....▓#
#▓▓.........▓▓#
#.▓▓.......▓▓p#
#.p▓▓.....▓▓p.#
##.p▓▓...▓▓..##
##.p▓▓▓▓▓..##
##...#p..##


You could see a two-headed ogre.

Vanquished Creatures
  A dancing weapon (D:6)
  Joseph (D:6)
  Maggie (D:6)
  A wyvern (D:7)
  Eustachio (D:6)
  A sky beast (D:4)
  An ice beast (D:7)
  An orc warrior (D:6)
  2 necrophages (D:7)
  The ghost of keep the Skirmisher, an amateur DsAK of Lugonu (D:6)
  4 ogres
  3 centaurs
  A kobold brigand (D:6)
  Blork the orc (D:6)
  A scorpion (D:4)
  A gnoll sergeant (D:7)
  6 killer bees
  5 wights
  A howler monkey (D:4)
  2 bullfrog zombies (D:6)
  2 centaur zombies (D:7)
  2 hounds
  A jelly (D:7)
  Crazy Yiuf (D:3)
  A gnoll shaman (D:6)
  Ijyb (D:3)
  Natasha (thrice) (D:4)
  An iguana (D:6)
  5 orc wizards
  2 killer bee zombies
  A hound skeleton (D:4)
  Robin (D:4)
  A howler monkey skeleton (D:7)
  8 gnolls
  6 adders
  A worm (D:2)
  4 dart slugs
  19 orcs
  5 ball pythons
  5 endoplasms
  2 giant cockroaches (D:3)
  10 goblins
  9 hobgoblins
  4 jackals (D:3)
  10 kobolds
  5 quokkas
  6 bats
  3 frilled lizards
155 creatures vanquished.

Vanquished Creatures (others)
  A plant (D:8)
1 creature vanquished.

Grand Total: 156 creatures vanquished

Notes
Turn   | Place    | Note
-------+----------+-------------------------------------------
     0 | D:1      | Destapler the Demonspawn Artificer began the quest for the
                  | Orb.
     0 | D:1      | Reached XP level 1. HP: 15/15 MP: 1/1
    73 | D:1      | Reached skill level 1 in Stealth
    74 | D:1      | Reached skill level 1 in Dodging
   416 | D:1      | Gained mutation: You sometimes gain a little power by
                  | taking damage. [demonic ancestry]
   416 | D:1      | Reached XP level 2. HP: 10/21 MP: 2/2
  1154 | D:1      | You fall into a shaft and drop 1 floor!
  1175 | D:2      | Found a faded altar of an unknown god.
  1197 | D:2      | Prayed at the altar of an unknown god.
  1197 | D:2      | Became a worshipper of Warmaster Okawaru
  1197 | D:2      | Reached * piety under Okawaru
  1922 | D:2      | Gained mutation: You have a small tail. [demonic ancestry]
  1922 | D:2      | Reached XP level 3. HP: 25/27 MP: 3/3
  2984 | D:3      | Reached skill level 1 in Shields
  3134 | D:3      | Noticed a +0 hand axe
  3136 | D:3      | Noticed a +0 hand axe
  3137 | D:3      | Found a hide-covered altar of Uskayaw.
  3338 | D:3      | Gained mutation: You sometimes gain power by taking damage.
                  | [demonic ancestry]
  3338 | D:3      | Reached XP level 4. HP: 33/33 MP: 4/4
  3401 | D:3      | Noticed Ijyb
  3420 | D:3      | Killed Ijyb
  3657 | D:3      | Found a runed translucent door.
  3658 | D:3      | Noticed Crazy Yiuf
  3661 | D:3      | Identified a scroll of acquirement
  3661 | D:3      | Acquired the +5 hand crossbow "Tuesik" {penet, rN++ Will+
                  | Dex+3}
  3845 | D:4      | Found a transporter.
  3956 | D:3      | Killed Crazy Yiuf
  3957 | D:3      | Reached skill level 1 in Maces & Flails
  3973 | D:3      | Identified the +6 mace "War Huw" {elec, Str+3}
  4219 | D:4      | Found a staircase to the Ecumenical Temple.
  4225 | D:4      | Found a transporter.
  4229 | D:4      | Noticed a small abomination
  4242 | D:4      | Found a one-way gate to the infinite horrors of the Abyss.
  4249 | D:4      | Noticed a small abomination
  4259 | D:4      | Noticed an ancient zyme
  4260 | D:4      | Gained mutation: You are powered by pain. [demonic
                  | ancestry]
  4260 | D:4      | Reached XP level 5. HP: 38/38 MP: 5/5
  4813 | D:4      | Noticed Lekart's ghost (amateur DrCK)
  4885 | D:4      | Noticed an ogre
  4892 | D:4      | Killed an ogre
  4893 | D:4      | Reached XP level 6. HP: 26/44 MP: 3/6
  5059 | D:4      | Noticed Robin
  5063 | D:4      | Noticed a sky beast
  5066 | D:4      | Noticed Natasha
  5070 | D:4      | Killed a sky beast
  5070 | D:4      | Reached ** piety under Okawaru
  5070 | D:4      | Killed Robin
  5077 | D:4      | Killed Natasha
  5078 | D:4      | Gained mutation: You are partially covered in icy blue
                  | scales. (AC +2) [demonic ancestry]
  5078 | D:4      | Reached XP level 7. HP: 50/50 MP: 5/7
  5123 | D:4      | Noticed Natasha
  5128 | D:4      | Killed Natasha
  5315 | D:4      | Noticed Natasha
  5327 | D:4      | Killed Natasha
  5424 | D:5      | Entered Level 5 of the Dungeon
  6032 | D:6      | Noticed Blork the orc
  6038 | D:6      | Reached *** piety under Okawaru
  6043 | D:6      | Killed Blork the orc
  6044 | D:6      | Reached skill level 5 in Armour
  6044 | D:6      | Reached XP level 8. HP: 13/56 MP: 8/8
  6294 | D:6      | Found a shimmering altar of Xom.
  6312 | D:6      | Noticed Eustachio
  6322 | D:6      | Killed Eustachio
  6502 | D:6      | Noticed Maggie
  6516 | D:6      | Killed Maggie
  6517 | D:6      | Reached skill level 1 in Crossbows
  6517 | D:6      | Reached skill level 5 in Shields
  6517 | D:6      | Reached skill level 1 in Invocations
  6659 | D:6      | Found a runed translucent door.
  6659 | D:6      | Found a shimmering altar of Xom.
  6659 | D:6      | Noticed keep's ghost (amateur DsAK)
  6660 | D:6      | Noticed a +2 dagger of chaos
  6898 | D:6      | Reached skill level 5 in Maces & Flails
  6940 | D:6      | Reached **** piety under Okawaru
  7366 | D:6      | HP: 1/55 [keep's ghost (5)]
  7370 | D:6      | Killed keep's ghost
  7371 | D:6      | Reached XP level 9. HP: 14/62 MP: 9/11
  7376 | D:6      | Killed a +2 dagger of chaos
  7376 | D:6      | Reached ***** piety under Okawaru
  7707 | D:6      | Gained mutation: You expend magic power (3 MP) to
                  | strengthen your wands. [potion of mutation]
  7707 | D:6      | Gained mutation: You have supernaturally acute eyesight.
                  | (SInv) [potion of mutation]
  7707 | D:6      | Gained mutation: You possess an exceptional clarity of
                  | mind. [potion of mutation]
  7707 | D:6      | Gained mutation: You have sharp toenails. [potion of
                  | mutation]
  7766 | D:7      | Found a shimmering blue altar of Sif Muna.
  7944 | D:7      | Found a sparkling altar of Nemelex Xobeh.
  8001 | D:7      | Identified the +3 trident of the Distant Future {speed,
                  | rElec}
  8269 | D:7      | Noticed Joseph
  8625 | D:6      | Killed Joseph
  8736 | D:6      | Identified the +1 ring mail of Beaz {rC+ rCorr} (Okawaru
                  | gifted it to you on level 6 of the Dungeon)
  8736 | D:6      | Received a gift from Okawaru
  8889 | D:7      | Reached XP level 10. HP: 70/73 MP: 13/13
  8926 | D:7      | Reached skill level 5 in Invocations
  9385 | D:8      | Found a radiant altar of Vehumet.
  9455 | D:8      | Noticed a two-headed ogre
  9463 | Arena    | Entered the Arena
  9466 | Arena    | Slain by a two-headed ogre

Illustrated notes

Levels and vault maps discovered:
D:1:      minmay_arrival_plants_in_alcoves, layout_basic,
          corexii_hall_statues_x, minmay_cupped
D:2:      layout_loops_cross, hellmonk_ecumenical_altar_zigzags, nrook_uturn,
          minmay_pentomino_o4
D:3:      layout_basic, dancing_weapons_uskayaw, nicolae_tso_carved_into_rock,
          grunt_decor_mini_mirrors, uniq_crazy_yiuf_cottage, uniq_ijyb
D:4:      layout_loops_ring, minmay_temple_entry_mist,
          gammafunk_ghost_abyssal_escape, uniq_robin, uniq_natasha
D:5:      layout_cave_pools, serial_column_ruins, column_ruins_hut,
          column_ruins_grid_1, column_ruins_open_small, column_ruins_grid_3,
          palyth_stone_intersect, serial_bayou_lake_a
D:6:      layout_cave_pools, xom_teletrap_fun, ebering_ghost_xom,
          minmay_misc_feat_x, minmay_misc_feat_tiny, hangedman_decor_slide_cut,
          uniq_eustachio, uniq_maggie, uniq_blork_the_orc
D:7:      layout_gridville, mainiacjoe_overflow_cross_hatched,
          nemelex_dance_club_becter, minivault_10, uniq_joseph
D:8:      corexii_shack_village, layout_rooms, vehumet_statue,
          amethyst_overflow_temple_binary, supply_closet_lemuel
Arena

Skill      XL: |  1  2  3  4  5  6  7  8  9 10 |
---------------+-------------------------------+-----
Stealth        | 1 2 3 |  3.0
Dodging        | 1 2 4 |  4.2
Armour         | 2 3 4 5 6 |  6.0
Fighting       | 2 4 |  4.5
Shields        | 1 2 3 4 5 6 |  6.0
Maces & Flails | 1 2 3 4 5 6 |  6.0
Crossbows      | 1 3 |  3.4
Invocations    | 2 4 5 |  5.1
Evocations     | |  3.0

Action                   |  1- 3 |  4- 6 |  7- 9 | 10-12 || total
-------------------------+-------+-------+-------+-------++-------
Melee: Club              |   125 |       |       |       ||   125
       Flail             |    18 |    12 |       |       ||    30
       Tailslap          |     6 |     6 |    25 |     1 ||    38
       Mace              |       |    43 |   216 |    37 ||   296
       Kick              |       |       |    29 |     8 ||    37
 Fire: Hand crossbow     |       |     7 |     7 |     5 ||    19
Throw: Dart              |       |       |     7 |       ||     7
       Boomerang         |       |       |     4 |       ||     4
Invok: Heroism           |     2 |     3 |     3 |     1 ||     9
       Finesse           |       |       |     1 |       ||     1
       Duel              |       |       |       |     1 ||     1
Evoke: Wand              |    10 |     5 |       |       ||    15
       Piece from Xom's  |       |     4 |     2 |       ||     6
  Use: Scroll            |     1 |     4 |     3 |       ||     8
       Potion            |       |     1 |     4 |       ||     5
 Stab: Sleeping          |       |       |     1 |     1 ||     2
Armor: Leather armour    |    23 |       |       |       ||    23
       Scale mail        |    73 |    44 |    92 |       ||   209
       Skin              |       |     6 |       |       ||     6
       Ring mail         |       |       |    51 |    23 ||    74
Dodge: Dodged            |    84 |    11 |   130 |    43 ||   268
Block: Tower shield      |    74 |    32 |   285 |    72 ||   463

Table legend: (Time is in decaauts)
 A = Elapsed time spent in this place.
 B = Non-inter-level travel time spent in this place.
 C = Inter-level travel time spent in this place.
 D = Time resting spent in this place.
 E = Time spent auto-exploring this place.
 F = Levels seen in this place.
 G = Mean time per level.
                   A        B        C        D        E       F      G
               +--------+--------+--------+--------+--------+-----+--------+
         Total |   9831 |   9292 |    539 |   1325 |   6530 |   9 | 1092.3 |
       Dungeon |   9828 |   9289 |    539 |   1325 |   6530 |   8 | 1228.5 |
         Arena |      2 |      2 |      0 |      0 |      0 |   1 |    2.0 |
               +--------+--------+--------+--------+--------+-----+--------+

Top non-repeatable levels by time:
     D:6: 2210 daAuts
     D:2: 1610 daAuts
     D:3: 1567 daAuts
     D:4: 1270 daAuts
     D:1: 1187 daAuts
     D:7: 1113 daAuts
     D:5: 647 daAuts
     D:8: 221 daAuts
   Arena: 2 daAuts
